[Event "Titled Tuesday Blitz November 08 Late 2022"]
[White "Goryachkina, Aleksandra"]
[Black "Kekic, Armin"]
[WhiteFideId "4147103"]
[BlackFideId "14401274"]
[WhiteElo "2484"]
[BlackElo "2132"]
[Result "1-0"]
[Round "01"]
[TimeControl "180+1"]
[Date "2022.11.09"]
[WhiteClock "0:00:10"]
[BlackClock "0:00:07"]

1. e4 e6 2. d4 d5 3. Nc3 Bb4 4. exd5 exd5 5. Bd3 c6 6. Ne2 Ne7 7. O-O Bf5 8. Ng3 Bg6 9. Nce2 Bd6 10. Nf4 O-O 11. Be3 Nd7 12. Qf3 Nf6 13. h4 Bxd3 14. Nxd3 Qd7 15. Ne5 Bxe5 16. dxe5 Ng4 17. Bf4 Ng6 18. Rae1 Rae8 19. h5 N6xe5 20. Qa3 Nc4 21. Qxa7 Rxe1 22. Rxe1 Re8 23. Rxe8+ Qxe8 24. b3 Nb2 25. f3 Nf6 26. Qd4 Qe1+ 27. Nf1 Nd1 28. Bg3 Qe2 29. h6 1-0


[Site "https://www.chess.com"]

[Event "Titled Tuesday Blitz November 08 Late 2022"]
[White "Guha, Eshan"]
[Black "Guzman, Christopher"]
[WhiteFideId "30958628"]
[BlackFideId "6405096"]
[WhiteElo "2262"]
[BlackElo "2272"]
[Result "0-1"]
[Round "01"]
[TimeControl "180+1"]
[Date "2022.11.09"]
[WhiteClock "0:00:12"]
[BlackClock "0:01:02"]

1. d4 Nf6 2. c4 e6 3. g3 d5 4. Bg2 Be7 5. Nf3 b6 6. cxd5 Nxd5 7. Nc3 Bb7 8. O-O O-O 9. Nxd5 Bxd5 10. Qc2 c5 11. dxc5 Bxc5 12. Rd1 Qe7 13. a3 Rc8 14. Qd3 h6 15. b4 Qf6 16. Rb1 Bf8 17. Bb2 Qe7 18. Ne5 Bxg2 19. Kxg2 Nc6 20. Qd7 Nxe5 21. Bxe5 Rc2 22. Qxe7 Bxe7 23. Rd7 Bf8 24. Kf3 a5 25. Rb7 axb4 26. axb4 Raa2 27. Rxb6 Rxe2 28. Bd4 e5 29. Be3 Kh7 30. Rb8 Be7 31. Rb7 Bg5 32. Bc5 e4+ 33. Kg2 e3 34. Rf1 Rxf2+ 35. Rxf2 Rxf2+ 36. Kg1 Rc2 37. h4 e2 38. Bf2 Be3 39. Kg2 e1=Q 0-1


[Site "https://www.chess.com"]

[Event "Titled Tuesday Blitz November 08 Late 2022"]
[White "Gurevich, Dmitry"]
[Black "Sibilio, Mario"]
[WhiteFideId "2000407"]
[BlackFideId "800422"]
[WhiteElo "2506"]
[BlackElo "2251"]
[Result "1-0"]
[Round "01"]
[TimeControl "180+1"]
[Date "2022.11.09"]
[WhiteClock "0:00:49"]
[BlackClock "0:00:01"]

1. d4 d6 2. Nf3 g6 3. c4 Bg7 4. Nc3 Na6 5. e4 c5 6. Be2 Nf6 7. O-O cxd4 8. Nxd4 Nc5 9. f3 O-O 10. Be3 b6 11. Qd2 Bb7 12. Rfd1 Re8 13. Rac1 Rc8 14. b4 Ncd7 15. a3 Ne5 16. Nd5 Nfd7 17. f4 Nc6 18. Nb3 Nf8 19. Bf3 Ne6 20. f5 Nc7 21. c5 bxc5 22. bxc5 Nxd5 23. exd5 Ne5 24. Be2 dxc5 25. Nxc5 Ba8 26. fxg6 hxg6 27. h3 Rb8 28. a4 Rb2 29. Qe1 Qd6 30. Ne4 Qa3 31. Bd4 Ra2 32. Nc3 Rb2 33. Nb5 Rxe2 34. Qxe2 Qxa4 35. Nc3 Qd7 36. Bxe5 1-0


[Site "https://www.chess.com"]

[Event "Titled Tuesday Blitz November 08 Late 2022"]
[White "Hajiyev, Kanan"]
[Black "Kobo, Ori"]
[WhiteFideId "13404148"]
[BlackFideId "2812320"]
[WhiteElo "2118"]
[BlackElo "2447"]
[Result "0-1"]
[Round "01"]
[TimeControl "180+1"]
[Date "2022.11.09"]
[WhiteClock "0:00:05"]
[BlackClock "0:00:15"]

1. d4 Nf6 2. c4 e6 3. Nf3 Bb4+ 4. Bd2 Be7 5. Nc3 O-O 6. Bg5 h6 7. Bh4 c5 8. dxc5 Bxc5 9. e3 b6 10. Be2 Bb7 11. O-O Be7 12. Qd2 a6 13. Rfd1 Qc7 14. Bg3 Qc8 15. Bd6 Bxd6 16. Qxd6 Qd8 17. Ne5 Ne8 18. Qd2 d6 19. Bf3 Qc7 20. Bxb7 Qxb7 21. Nf3 Nd7 22. b3 Rd8 23. Qd4 Ndf6 24. Rac1 Nc7 25. h3 Rfe8 26. e4 e5 27. Qe3 Ne6 28. Nd5 Nxd5 29. cxd5 Nf4 30. Rc6 b5 31. Rdc1 Qe7 32. Rxa6 f5 33. g3 Nxh3+ 34. Kg2 f4 35. Qa7 Rd7 36. Qb6 Ng5 37. Nxg5 Qxg5 38. Qxb5 Red8 39. Qe2 f3+ 40. Qxf3 Qxc1 41. Qf5 Qg5 42. Qe6+ Kh7 43. b4 Re7 44. Qh3 Rf8 45. Rc6 Ref7 46. f3 Rxf3 47. Rxd6 Rf2+ 48. Kh1 Qc1+ 0-1


[Site "https://www.chess.com"]

[Event "Titled Tuesday Blitz November 08 Late 2022"]
[White "Han, Yichen"]
[Black "Antonova, Nadezhda"]
[WhiteFideId "1054430"]
[BlackFideId "14700182"]
[WhiteElo "2323"]
[BlackElo "1813"]
[Result "1-0"]
[Round "01"]
[TimeControl "180+1"]
[Date "2022.11.09"]
[WhiteClock "0:01:08"]
[BlackClock "0:00:59"]

1. d4 Nf6 2. g3 g6 3. Bg2 Bg7 4. e4 d6 5. Nc3 O-O 6. h3 c5 7. Nge2 Nbd7 8. O-O Rb8 9. a4 a6 10. Be3 b5 11. axb5 axb5 12. e5 dxe5 13. dxc5 b4 14. Nd5 e6 15. Nb6 Nxb6 16. cxb6 Bb7 17. Bc5 Bxg2 18. Kxg2 Re8 19. Ra7 Nd5 20. b7 Qc7 21. Be3 Rxb7 22. Rxb7 Qxb7 23. Kh2 Rc8 24. Qd2 Qc6 25. Bh6 Qxc2 26. Rc1 Qxc1 27. Nxc1 Bf6 28. Nd3 b3 29. Nb4 Rc2 30. Nxd5 Rxd2 31. Nxf6+ Kh8 32. Bxd2 Kg7 33. Ne8+ Kf8 34. Nd6 Ke7 35. Nc4 f6 36. Bb4+ Kd7 37. Na5 Kc7 38. Nxb3 Kb6 39. Be7 Kc6 40. Bxf6 1-0


[Site "https://www.chess.com"]

[Event "Titled Tuesday Blitz November 08 Late 2022"]
[White "Hansen, Eric"]
[Black "Ferreira, Vitor Hugo Vieira"]
[WhiteFideId "2606771"]
[BlackFideId "2119765"]
[WhiteElo "2568"]
[BlackElo "2168"]
[Result "0-1"]
[Round "01"]
[TimeControl "180+1"]
[Date "2022.11.08"]
[WhiteClock "0:00:01"]
[BlackClock "0:00:13"]

1. c4 c6 2. Nf3 d5 3. b3 Nf6 4. Bb2 g6 5. g3 Bg7 6. Bg2 O-O 7. O-O b6 8. d3 Bb7 9. Nbd2 Nbd7 10. b4 Re8 11. Qb3 e5 12. cxd5 cxd5 13. Rac1 e4 14. dxe4 dxe4 15. Ng5 Bd5 16. Qa4 e3 17. Ndf3 exf2+ 18. Kh1 Rxe2 19. Ba1 Rxa2 20. Qd1 Nf8 21. Bd4 h6 22. Nh3 Ng4 23. Nxf2 Bxd4 24. Nxg4 Bg7 25. Ne3 Bb7 26. Qb3 Rb2 27. Qa3 Qe7 28. Rb1 Rxb1 29. Rxb1 a5 30. Nc4 axb4 31. Qb3 Bd5 32. Nfd2 Bxg2+ 33. Kxg2 b5 34. Nb6 Qe2+ 35. Kh3 Ra6 0-1


[Site "https://www.chess.com"]

[Event "Titled Tuesday Blitz November 08 Late 2022"]
[White "Harish, Neeraj"]
[Black "Mendez Fortes, Eduardo Jesus"]
[WhiteFideId "30958130"]
[BlackFideId "3502376"]
[WhiteElo "1815"]
[BlackElo "2307"]
[Result "0-1"]
[Round "01"]
[TimeControl "180+1"]
[Date "2022.11.09"]
[WhiteClock "0:00:01"]
[BlackClock "0:01:16"]

1. e4 e5 2. Nf3 Nc6 3. Bb5 Nf6 4. d3 Bc5 5. Bxc6 dxc6 6. Nbd2 Nd7 7. Nc4 Qe7 8. Be3 f6 9. Qe2 Bd6 10. h4 b6 11. h5 c5 12. Nh4 Nb8 13. Bd2 Nc6 14. c3 Be6 15. Ne3 O-O-O 16. b3 Kb8 17. O-O-O Qd7 18. Kb2 Be7 19. Bc1 Rhg8 20. Nhf5 Bf8 21. g4 g6 22. hxg6 hxg6 23. Ng3 a5 24. f3 a4 25. Qc2 axb3 26. axb3 Na5 27. Nc4 Qb5 28. Nxa5 Qxa5 29. Bd2 Qa6 30. c4 Qb7 31. Ra1 Qc6 32. Ne2 Qd7 33. Nc1 Bg7 34. Be3 f5 35. gxf5 gxf5 36. Rd1 f4 37. Bf2 Bf6 38. Ne2 Rg2 39. Rf1 Rh8 0-1


[Site "https://www.chess.com"]

[Event "Titled Tuesday Blitz November 08 Late 2022"]
[White "Harvey, Marcus R"]
[Black "Bogaudinov, Rushan"]
[WhiteFideId "400092"]
[BlackFideId "4129288"]
[WhiteElo "2457"]
[BlackElo "1997"]
[Result "1/2-1/2"]
[Round "01"]
[TimeControl "180+1"]
[Date "2022.11.09"]
[WhiteClock "0:00:06"]
[BlackClock "0:00:05"]

1. d4 d5 2. Bf4 c6 3. e3 Nf6 4. c4 g6 5. Nc3 Bg7 6. cxd5 Nxd5 7. Nxd5 Qxd5 8. Ne2 O-O 9. Nc3 Qa5 10. Qa4 Qxa4 11. Nxa4 Nd7 12. O-O-O e5 13. dxe5 Nxe5 14. h3 b6 15. Nc3 Be6 16. Ba6 Rad8 17. Bg5 f6 18. Bf4 Kf7 19. Bb7 Rb8 20. Ba6 Rfd8 21. b3 Ke7 22. Bxe5 fxe5 23. Bc4 Bxc4 24. bxc4 Rxd1+ 25. Rxd1 Rd8 26. Rxd8 Kxd8 27. Kc2 Ke7 28. Kd3 Ke6 29. Ne4 h6 30. g4 Bf8 31. f3 Be7 32. Nd2 Bb4 33. Ne4 b5 34. h4 a5 35. h5 gxh5 36. gxh5 a4 37. cxb5 cxb5 38. Nc3 Bxc3 39. Kxc3 Kf5 40. Kb4 Kg5 41. Kxb5 a3 42. Kb4 Kxh5 43. Kxa3 Kg5 44. Kb4 h5 45. a4 h4 46. a5 h3 47. a6 h2 48. a7 h1=Q 49. a8=Q Qb1+ 50. Kc5 Qc1+ 51. Kd6 Qxe3 52. Qe4 Qf4 53. Qxe5+ Qf5 54. Kd5 Kg6 55. f4 Qf7+ 56. Qe6+ Qf6 57. Kd6 Kg7 58. f5 Qd4+ 59. Ke7 Qc5+ 60. Kd7 Qb5+ 61. Kd6 Qb6+ 62. Ke5 Qe3+ 63. Kd5 Qb3+ 64. Kd6 Qb6+ 65. Ke7 Qc7+ 66. Qd7 Qxd7+ 67. Kxd7 Kf6 68. Kd6 Kxf5 1/2-1/2


[Site "https://www.chess.com"]

[Event "Titled Tuesday Blitz November 08 Late 2022"]
[White "Hauge, Lars Oskar"]
[Black "Becerra, Juan David"]
[WhiteFideId "1509276"]
[BlackFideId "4404998"]
[WhiteElo "2431"]
[BlackElo "2281"]
[Result "1-0"]
[Round "01"]
[TimeControl "180+1"]
[Date "2022.11.08"]
[WhiteClock "0:01:21"]
[BlackClock "0:00:54"]

1. e4 e5 2. Nc3 Nf6 3. Bc4 Bc5 4. d3 Nc6 5. f4 Bxg1 6. Rxg1 d6 7. f5 Na5 8. g4 c6 9. g5 Nd7 10. Be3 b5 11. Bb3 b4 12. Ne2 Nc5 13. Ng3 g6 14. Qf3 Naxb3 15. axb3 a5 16. Nf1 Qd7 17. Qg3 O-O 18. Bxc5 dxc5 19. Ne3 Qd4 20. Ng4 gxf5 21. exf5 Kh8 22. Kd2 Bxf5 23. Qxe5+ Qxe5 24. Nxe5 Ra6 25. Raf1 Bg6 26. Rf6 Kg7 27. Rgf1 a4 28. bxa4 Rxa4 29. Rxc6 b3 30. c4 Ra5 31. Kc3 Re8 32. Nxg6 hxg6 33. Rc7 Rf8 34. Kxb3 Ra6 35. Kc3 Re6 36. Rxc5 Re2 37. h4 Rh2 38. Rf4 Rh3 39. Rc7 Kg8 40. b4 Rd8 41. Rd4 Rxd4 42. Kxd4 Rxh4+ 43. Kc3 Rg4 44. b5 Rxg5 45. b6 1-0


[Site "https://www.chess.com"]

[Event "Titled Tuesday Blitz November 08 Late 2022"]
[White "He, Samuel"]
[Black "Kaganskiy, Gleb"]
[WhiteFideId "2087235"]
[BlackFideId "4132025"]
[WhiteElo "2623"]
[BlackElo "2165"]
[Result "1/2-1/2"]
[Round "01"]
[TimeControl "180+1"]
[Date "2022.11.09"]
[WhiteClock "0:01:12"]
[BlackClock "0:00:44"]

1. Nf3 d5 2. g3 Nf6 3. Bg2 e6 4. O-O Be7 5. d3 O-O 6. c4 c5 7. Bf4 d4 8. e3 Nc6 9. exd4 cxd4 10. Ne5 Nxe5 11. Bxe5 Ne8 12. Na3 f6 13. Bf4 e5 14. Bd2 Bxa3 15. bxa3 Qc7 16. a4 Bd7 17. Qb3 Bc6 18. f3 Kh8 19. a5 a6 20. Rab1 Nd6 21. Qb6 Qxb6 22. axb6 Nf5 23. Rbe1 Rfd8 24. Bh3 g6 25. f4 Re8 26. fxe5 Rxe5 27. Rxe5 fxe5 28. Bxf5 gxf5 29. Rxf5 e4 30. dxe4 Bxe4 31. Re5 Bc6 32. Bh6 Re8 33. Bf4 Rxe5 34. Bxe5+ Kg8 35. Bxd4 Kf7 36. Kf2 Kg6 37. Ke3 Bg2 38. Kf4 h5 39. Ke5 Bc6 40. Kf4 Bh1 41. h3 Bc6 42. g4 hxg4 43. hxg4 Bh1 44. Be3 Bc6 45. Ke5 Bg2 46. Bf4 Bc6 47. Kd6 Bf3 48. g5 Bc6 49. Bd2 Bg2 50. Ke5 Bc6 51. Kf4 Bh1 52. Bc3 Bc6 53. a3 Bh1 54. a4 Bc6 55. a5 Bh1 56. Bf6 Bc6 57. Ke3 Bh1 58. Kd2 Bc6 59. Kc3 Bh1 60. Kb4 Bc6 61. Kc5 Bh1 62. Kd6 Bc6 63. Ke7 Bh1 64. Kd8 Bc6 65. Kc8 Bh1 66. Kc7 Bc6 67. c5 Bh1 68. Kd6 Bc6 69. Ke5 Bh1 70. Kf4 Bc6 71. Kg3 Bd5 72. Kh2 Bc6 73. Kg1 Bd5 74. Kf1 Bc6 75. Ke1 Bd5 76. Kd1 Bc6 77. Kc1 Bd5 78. Kb2 Bc6 79. Kc3 Bd5 80. Kd3 Bc6 81. Kd4 Bg2 82. Ke3 Bc6 83. Bd8 Bd5 84. Kf4 Bc6 85. Bc7 Bd5 86. Be5 Bc6 87. Ba1 Bd5 88. Kg4 Bc6 89. Kh4 Bd5 90. Bd4 Bc6 91. Bg1 Bd5 92. Kg4 Bc6 93. Kf4 Bd5 94. c6 Bxc6 95. Bc5 Bd5 96. Bd4 Bc6 97. Bf6 Bd5 98. Ke5 Bc6 99. Kd4 Bg2 100. Kc5 Bc6 101. Kd6 Bf3 102. Ke5 Bc6 103. Kd4 Bg2 104. Ke3 Bc6 105. Kd4 1/2-1/2


[Site "https://www.chess.com"]

[Event "Titled Tuesday Blitz November 08 Late 2022"]
[White "Hoffmann, Asa"]
[Black "Zeynalli, Rashad"]
[WhiteFideId "2001470"]
[BlackFideId "13403320"]
[WhiteElo "2117"]
[BlackElo "2125"]
[Result "1-0"]
[Round "01"]
[TimeControl "180+1"]
[Date "2022.11.09"]
[WhiteClock "0:00:58"]
[BlackClock "0:00:07"]

1. d4 Nf6 2. Bg5 d5 3. Nd2 e6 4. e3 Be7 5. Bd3 O-O 6. f4 c5 7. c3 b6 8. Ngf3 Ba6 9. Bxa6 Nxa6 10. Ne5 Nb8 11. O-O Nfd7 12. Bxe7 Qxe7 13. Qh5 f6 14. Ng4 Nc6 15. Rf3 e5 16. dxe5 fxe5 17. Raf1 Nf6 18. Nxf6+ Qxf6 19. e4 d4 20. Nc4 Qf7 21. Qxf7+ Rxf7 22. Nxe5 Nxe5 23. fxe5 Rxf3 24. gxf3 d3 25. c4 Rd8 26. Rd1 g5 27. Kf2 Kf7 28. Ke3 Ke6 29. Rxd3 Rxd3+ 30. Kxd3 Kxe5 31. Ke3 h6 32. h3 h5 33. b3 a6 34. a3 a5 35. a4 h4 36. f4+ gxf4+ 37. Kf3 Ke6 38. Kxf4 1-0


[Site "https://www.chess.com"]

[Event "Titled Tuesday Blitz November 08 Late 2022"]
[White "Holt, Conrad"]
[Black "Storey, Charles H"]
[WhiteFideId "2034387"]
[BlackFideId "406686"]
[WhiteElo "2592"]
[BlackElo "2252"]
[Result "1-0"]
[Round "01"]
[TimeControl "180+1"]
[Date "2022.11.09"]
[WhiteClock "0:02:09"]
[BlackClock "0:02:18"]

1. d4 g6 2. c4 Bg7 3. Nf3 c5 4. d5 d6 5. e4 Nf6 6. Nc3 O-O 7. h3 Re8 8. Bd3 e6 9. O-O exd5 10. cxd5 b6 11. Bf4 Ba6 12. Re1 Bxd3 13. Qxd3 Nh5 14. Bh2 Qf6 15. e5 dxe5 16. Bxe5 Nf4 17. Bxf6 Rxe1+ 18. Rxe1 Nxd3 19. Re8+ Bf8 20. Be7 Nc6 21. Rxa8 Nxe7 22. d6 Nc6 23. d7 1-0


[Site "https://www.chess.com"]

[Event "Titled Tuesday Blitz November 08 Late 2022"]
[White "Hryzlova, Sofiia"]
[Black "Gritsenko, Nikolai"]
[WhiteFideId "14174669"]
[BlackFideId "14112493"]
[WhiteElo "1992"]
[BlackElo "2389"]
[Result "0-1"]
[Round "01"]
[TimeControl "180+1"]
[Date "2022.11.09"]
[WhiteClock "0:00:03"]
[BlackClock "0:00:18"]

1. e4 d5 2. exd5 Nf6 3. d4 Nxd5 4. Nf3 Bf5 5. Bd3 Bxd3 6. Qxd3 c6 7. O-O e6 8. c4 Nf6 9. Nc3 Be7 10. Bf4 O-O 11. Rad1 Nbd7 12. b3 Re8 13. Rfe1 Qa5 14. Re2 Bb4 15. Ne4 Nxe4 16. Qxe4 Rad8 17. Qc2 Be7 18. h4 Nf6 19. Re5 Qb6 20. h5 h6 21. Qc1 Bf8 22. Bd2 Qc7 23. c5 Rd5 24. Bf4 Qd8 25. Rde1 Nxh5 26. Rxd5 exd5 27. Rxe8 Qxe8 28. Be5 Be7 29. g4 Qd7 30. Nh2 Nf6 31. Qf4 Qe6 32. Bb8 a6 33. Kg2 Qe4+ 34. Qxe4 dxe4 35. f3 exf3+ 36. Kxf3 Nd5 37. Be5 f6 38. Bg3 Kf7 39. Nf1 Ke6 40. Nd2 g6 41. Nc4 Bd8 42. Nd6 b6 43. Ne4 b5 44. a4 f5 45. gxf5+ Kxf5 46. Nd6+ Ke6 47. Ke4 h5 48. Bh2 g5 49. Kd3 h4 50. axb5 axb5 51. Ne4 g4 52. Bb8 Bc7 53. Bxc7 Nxc7 54. Ke3 Nd5+ 55. Kf2 Kf5 56. Nd6+ Kf4 57. Nf7 h3 58. Ne5 g3+ 59. Kg1 Nb4 60. d5 Nxd5 61. Nxc6 Ke3 62. Ne5 Nf4 63. Ng4+ Kd2 64. c6 Ne2+ 0-1


[Site "https://www.chess.com"]

[Event "Titled Tuesday Blitz November 08 Late 2022"]
[White "Iliaguev, Nisim"]
[Black "Grot, Blazej"]
[WhiteFideId "2817276"]
[BlackFideId "21835845"]
[WhiteElo "2244"]
[BlackElo "1822"]
[Result "1-0"]
[Round "01"]
[TimeControl "180+1"]
[Date "2022.11.09"]
[WhiteClock "0:01:42"]
[BlackClock "0:00:19"]

1. d4 d5 2. Nf3 Nf6 3. g3 e6 4. Bg2 c6 5. O-O Nbd7 6. c4 Bd6 7. Nc3 Qe7 8. Nd2 O-O 9. e4 dxe4 10. Ndxe4 Nxe4 11. Nxe4 Bc7 12. Bg5 Qe8 13. Re1 h6 14. Be3 Qe7 15. d5 cxd5 16. cxd5 exd5 17. Nc3 Qd8 18. Nxd5 Be5 19. Qb3 Nf6 20. Rad1 Nxd5 21. Rxd5 Qf6 22. Bc5 Re8 23. Bd4 Be6 24. Rdxe5 Qxe5 25. Rxe5 Bxb3 26. axb3 Red8 27. Bc3 Rd1+ 28. Bf1 Rad8 29. Kg2 R8d7 30. Bc4 Kh7 31. b4 h5 32. Rxh5+ Kg6 33. Rh4 b6 34. Rg4+ Kh7 35. Rxg7+ Kh6 36. Rxf7 Rxf7 37. Bxf7 Ra1 38. h4 a5 39. bxa5 bxa5 40. g4 a4 41. g5+ Kh7 42. g6+ Kh6 43. g7 a3 44. g8=Q Rg1+ 45. Kxg1 a2 46. Qg6# 1-0


[Site "https://www.chess.com"]

[Event "Titled Tuesday Blitz November 08 Late 2022"]
[White "Janaszak, Dawid"]
[Black "Guimaraes, Marcelo Cunha"]
[WhiteFideId "1119206"]
[BlackFideId "2118068"]
[WhiteElo "2226"]
[BlackElo "2108"]
[Result "1-0"]
[Round "01"]
[TimeControl "180+1"]
[Date "2022.11.09"]
[WhiteClock "0:02:30"]
[BlackClock "0:01:45"]

1. d4 Nf6 2. Bf4 g6 3. Nc3 Bg7 4. e4 d6 5. Qd2 c6 6. Bh6 O-O 7. f3 b5 8. h4 b4 9. Nd1 Nh5 10. Ne2 f5 11. Bxg7 Nxg7 12. Nf4 e5 13. Bc4+ Kh8 14. Nxg6+ 1-0


[Site "https://www.chess.com"]

[Event "Titled Tuesday Blitz November 08 Late 2022"]
[White "Jean Louis, Marckens"]
[Black "Makarian, Rudik"]
[WhiteFideId "11900270"]
[BlackFideId "44105681"]
[WhiteElo "2030"]
[BlackElo "2423"]
[Result "0-1"]
[Round "01"]
[TimeControl "180+1"]
[Date "2022.11.08"]
[WhiteClock "0:00:18"]
[BlackClock "0:00:09"]

1. d4 Nf6 2. Nf3 c5 3. g3 g6 4. Bg2 Bg7 5. O-O O-O 6. b3 cxd4 7. Bb2 d5 8. Nxd4 Nc6 9. Nxc6 bxc6 10. c4 h5 11. Nc3 e6 12. Rc1 h4 13. e3 Rb8 14. cxd5 cxd5 15. Na4 hxg3 16. hxg3 Ba6 17. Re1 Qe7 18. Nc5 Bb5 19. Be5 Rbc8 20. b4 Bc4 21. a3 Nh5 22. Bxg7 Nxg7 23. e4 Qd8 24. exd5 Bxd5 25. Bxd5 exd5 26. Qa4 Rc7 27. Nd3 Nf5 28. Rxc7 Qxc7 29. Rc1 Qb8 30. Nf4 Qe5 31. Qxa7 d4 32. Qc5 Qe4 33. Qd5 Qe7 34. Qf3 Rd8 35. Nd3 Qg5 36. Rc7 Re8 37. g4 Nh6 38. Qf4 Qh4 39. Qg3 Qg5 40. Qf4 Qh4 41. Qg3 Qxg3+ 42. fxg3 Re3 43. Nc5 Rxg3+ 44. Kf2 Rxa3 45. b5 Nxg4+ 46. Ke2 Ra2+ 47. Kd3 Rb2 48. Kxd4 Rxb5 49. Kc4 Rb1 50. Kd4 Rd1+ 51. Ke4 Rf1 52. Rc8+ Kg7 53. Nd3 Nf6+ 54. Ke3 Rf5 55. Ke2 Rd5 56. Ra8 Rd7 57. Ke3 Re7+ 58. Kf2 g5 59. Ra5 Nh7 60. Ne5 f6 61. Ng4 Nf8 62. Ne3 Rd7 63. Ra6 Nh7 64. Ng4 Re7 65. Kf3 Kg6 66. Ne3 Re5 67. Nc4 Rf5+ 68. Kg4 Rf4+ 69. Kg3 Nf8 70. Ra7 Ne6 71. Ra8 Rxc4 72. Ra6 Ng7 73. Ra7 Nh5+ 74. Kf3 Rf4+ 75. Ke2 Rf5 76. Kd3 g4 77. Ra8 g3 78. Ke4 g2 79. Kd3 g1=Q 80. Ra1 Qc5 81. Ke4 Re5+ 82. Kd3 Qe3+ 83. Kc2 Rc5+ 84. Kb2 Qc3+ 85. Ka2 Ra5+ 86. Kb1 Rb5+ 87. Ka2 Qc2+ 88. Ka3 Qd3+ 89. Ka4 Rb2 90. Rg1+ Kf7 91. Rc1 Nf4 92. Rc7+ Kg6 93. Rb7 Ra2+ 94. Kb4 Qa3+ 95. Kb5 Rb2+ 96. Kc6 Qc3+ 97. Kd6 Qe5+ 98. Kc6 Qd5+ 99. Kc7 Rxb7+ 100. Kc8 Qd7# 0-1


[Site "https://www.chess.com"]

[Event "Titled Tuesday Blitz November 08 Late 2022"]
[White "Kamsky, Gata"]
[Black "Jimenez Almeida, Luis David"]
[WhiteFideId "2000024"]
[BlackFideId "22242244"]
[WhiteElo "2666"]
[BlackElo "2158"]
[Result "1-0"]
[Round "01"]
[TimeControl "180+1"]
[Date "2022.11.09"]
[WhiteClock "0:00:46"]
[BlackClock "0:00:07"]

1. e4 c5 2. Nf3 e6 3. c3 d5 4. e5 Nc6 5. d4 Qb6 6. a3 c4 7. Nbd2 Na5 8. h4 Bd7 9. g3 O-O-O 10. Bg2 f5 11. Ng5 Nh6 12. Ndf3 Nb3 13. Rb1 Nxc1 14. Qxc1 Kb8 15. Nh3 Be7 16. Nf4 Nf7 17. Nh5 Rhg8 18. Ng5 Nxg5 19. hxg5 Be8 20. Bf3 Qc7 21. Kf1 Bf8 22. Kg2 Bxh5 23. Rxh5 g6 24. Rh1 Rc8 25. Qd2 Ka8 26. Be2 Rg7 27. f4 Rd7 28. g4 Qc6 29. gxf5 exf5 30. Bf3 Qe6 31. a4 Rcc7 32. a5 Qa6 33. Ra1 Qb5 34. Qc2 a6 35. Ra2 Kb8 36. Qa4 Qxa4 37. Rxa4 Rc6 38. Kf2 Kc7 39. Ke3 Re6 40. Raa1 Rg7 41. Rab1 Rd7 42. b4 cxb3 43. Rxb3 Rc6 44. Rhb1 Kc8 45. Kd3 h6 46. Rb6 Rdc7 47. R1b3 hxg5 48. Bxd5 Rxb6 49. axb6 Rh7 50. fxg5 Rh3+ 51. Kc4 Be7 52. Bf7 Bxg5 53. Bxg6 f4 54. Bf5+ Kd8 55. Bxh3 1-0


[Site "https://www.chess.com"]

[Event "Titled Tuesday Blitz November 08 Late 2022"]
[White "Kavutskiy, Konstantin"]
[Black "Paravyan, David"]
[WhiteFideId "2026384"]
[BlackFideId "4194985"]
[WhiteElo "2338"]
[BlackElo "2546"]
[Result "1-0"]
[Round "01"]
[TimeControl "180+1"]
[Date "2022.11.08"]
[WhiteClock "0:00:37"]
[BlackClock "0:00:01"]

1. d4 Nf6 2. c4 g6 3. Nc3 d5 4. cxd5 Nxd5 5. e4 Nxc3 6. bxc3 Bg7 7. Nf3 c5 8. h3 O-O 9. Be2 b5 10. O-O Bb7 11. Qd3 b4 12. cxb4 Nc6 13. Be3 Nxb4 14. Qb1 a5 15. Rd1 cxd4 16. Bxd4 Bxd4 17. Rxd4 Qc7 18. a3 Nc6 19. Rd1 Rab8 20. Qc2 Rfc8 21. Rac1 Qf4 22. Qa4 Ne5 23. Rxc8+ Rxc8 24. Qxa5 Nxf3+ 25. Bxf3 Kg7 26. Qb4 Qc7 27. a4 Ba8 28. Rb1 Qc2 29. Qd4+ f6 30. Ra1 Rb8 31. a5 Rb1+ 32. Rxb1 Qxb1+ 33. Kh2 Qb8+ 34. g3 Qc8 35. Bg2 e5 36. Qb6 Bb7 37. Bf1 Bxe4 38. a6 Qc1 39. Bg2 Bxg2 40. Kxg2 Kh6 41. Qb7 1-0


[Site "https://www.chess.com"]

[Event "Titled Tuesday Blitz November 08 Late 2022"]
[White "Kazakov, Mikhail"]
[Black "Fier, Alexandr"]
[WhiteFideId "14102749"]
[BlackFideId "2107139"]
[WhiteElo "2413"]
[BlackElo "2617"]
[Result "0-1"]
[Round "01"]
[TimeControl "180+1"]
[Date "2022.11.09"]
[WhiteClock "0:00:05"]
[BlackClock "0:00:45"]

1. d4 Nf6 2. c4 e6 3. Nf3 b6 4. a3 Ba6 5. Qc2 c5 6. dxc5 bxc5 7. g3 Bb7 8. Bg2 Be7 9. O-O O-O 10. Nc3 Qb6 11. Be3 d6 12. h3 Qc7 13. Rad1 a6 14. Bf4 Nc6 15. g4 Rad8 16. Bg3 Rfe8 17. e3 Qb8 18. Ng5 h6 19. Nge4 Nxe4 20. Nxe4 Ne5 21. f4 Nc6 22. f5 exf5 23. Nxc5 fxg4 24. Nxb7 Qxb7 25. Rxf7 Qb6 26. Bd5 Kh8 27. Qg6 Bf8 28. Rdf1 Qxe3+ 29. Kh2 Ne5 30. Bxe5 Qxe5+ 31. Kh1 gxh3 32. R7f3 Qe2 33. R3f2 Qe5 34. Rf4 Qg5 35. Qxg5 hxg5 36. R4f3 g4 37. Rf4 Be7 38. Rxg4 Rf8 39. Rxf8+ Rxf8 40. Rg3 Bh4 41. Rxh3 g5 42. Rf3 Re8 43. Kg2 Re2+ 44. Kh3 Rxb2 45. Kg4 Kg7 46. Rf7+ Kg6 47. Rd7 Rb6 48. Re7 a5 49. Re6+ Kg7 50. Kf5 g4 51. Re7+ Bxe7 52. Kxg4 Rb3 53. a4 Rb4 54. Kf5 Rxa4 55. Ke6 Kf8 56. Kd7 Ra3 57. Kc6 a4 0-1


[Site "https://www.chess.com"]

[Event "Titled Tuesday Blitz November 08 Late 2022"]
[White "Kim, Sergey"]
[Black "Lopez Perdomo, Juan David"]
[WhiteFideId "13700570"]
[BlackFideId "4405137"]
[WhiteElo "2577"]
[BlackElo "1965"]
[Result "1-0"]
[Round "01"]
[TimeControl "180+1"]
[Date "2022.11.09"]
[WhiteClock "0:02:12"]
[BlackClock "0:00:50"]

1. d4 c5 2. d5 e6 3. c4 exd5 4. cxd5 d6 5. Nc3 Nf6 6. e4 g6 7. Nge2 Bg7 8. Ng3 O-O 9. Be2 Re8 10. O-O Na6 11. Bf4 Nc7 12. a4 b6 13. Qd2 a6 14. Bh6 Bh8 15. h3 Rb8 16. f4 b5 17. Bf3 b4 18. Nd1 a5 19. Ne3 Ba6 20. Rfe1 Nd7 21. Bg5 Qc8 22. Ng4 c4 23. e5 dxe5 24. f5 c3 25. Qc2 cxb2 26. Qxb2 e4 27. Nh6+ Kf8 28. Qxh8# 1-0


[Site "https://www.chess.com"]

[Event "Titled Tuesday Blitz November 08 Late 2022"]
[White "Kopacz, Grzegorz"]
[Black "Dilanyan, Grigor"]
[WhiteFideId "1109880"]
[BlackFideId "13303570"]
[WhiteElo "2037"]
[BlackElo "2229"]
[Result "0-1"]
[Round "01"]
[TimeControl "180+1"]
[Date "2022.11.09"]
[WhiteClock "0:00:14"]
[BlackClock "0:00:25"]

1. d4 Nf6 2. Nf3 g6 3. c4 Bg7 4. Nc3 O-O 5. e4 d6 6. Be2 a6 7. h3 Nc6 8. Be3 Rb8 9. O-O b5 10. b3 b4 11. Nd5 Nxe4 12. Qc2 Nf6 13. Rad1 Nxd5 14. cxd5 Na7 15. Rc1 Nb5 16. Bxb5 Rxb5 17. Qxc7 Rxd5 18. Rc4 a5 19. Rfc1 Ba6 20. Qxd8 Rxd8 21. Rc7 Bf6 22. Ra7 Be2 23. Rcc7 Bxf3 24. gxf3 h5 25. Ra6 Rb8 26. Rca7 Rbb5 27. Ra8+ Kg7 28. Re8 Rf5 29. Raa8 Rxf3 30. Rg8+ Kh7 31. Rgf8 Bg7 32. Rfe8 e5 33. dxe5 dxe5 34. Ra7 Bh6 35. Bxh6 Kxh6 36. Rea8 Rxh3 37. Rxf7 e4 38. Kg2 Rc3 39. Ra6 h4 40. Rf8 Rg5+ 41. Kf1 Kh5 42. Rf4 h3 43. Ra8 Rf5 44. Rh8+ Kg5 45. Rfh4 Rc2 46. Rxh3 Rfxf2+ 47. Ke1 Rce2+ 48. Kd1 Rxa2 49. Ke1 Rae2+ 50. Kd1 Rb2 51. Ke1 Rfe2+ 52. Kd1 Rg2 53. Kc1 Rbf2 54. Rh1 e3 55. Re8 Kf4 56. Rf8+ Ke4 57. Re8+ Kd3 58. Rd8+ Kc3 59. Rc8+ Kxb3 60. Rd8 Rc2+ 61. Kb1 Rb2+ 62. Kc1 Rgc2+ 63. Kd1 Rb1# 0-1


[Site "https://www.chess.com"]